cohdb
Replays
Latest Replays
All Replays
Popular Replays
Top Player Replays
Match Explorer
How It Works
Community
CoH3 Stats
Reddit
Sign in to upload your games and track your stats! →
Sign in with Steam
Match 41759566
Unlisted
Match 41759566
Overview
Messages
Build Orders
End
Scout Squad
Construct Weapon Support Center
Selects Heavy Weapons
M1919 Machine Gun Team
Bazooka Squad
M1919 Machine Gun Team
Mechanized Support Center
M3 Armored Personnel Carrier
Selects M2HB .50cal Heavy Machine Gun
Engineer Squad
Designate Forward Repair Station
Construct Medical Station
Bazooka Squad
Scout Squad
Construct Motor Pool
M24 Chaffee Light Tank
Engineer Squad
Improvised Armor
Selects Gallant Stand
Selects Black Dragon Artillery Barrage
M1 Anti-tank Gun Team
Selects Assault Carriers
Salvage Crew
Bazooka Squad
Improved M9 Bazooka Rockets
Construct Tank Depot
M1919 Machine Gun Team
Black Dragon Artillery Barrage
M18 Hellcat Tank Destroyer
Bazooka Squad
Selects Exchangeable Parts
BigTiddyLebron
kreumat
Predator
亿日混混
0
0
Comments
sign in to comment!
No comments posted yet!